 Dungeon Crawl Stone Soup version 0.30-a0-385-gfebfb9b408 (webtiles) character file.

Game seed: 10140893694689508904

508 experimilk the Destroyer (level 6, -3/45 HPs)
             Began as a Draconian Conjurer on Dec 2, 2022.
             Was an Initiate of Vehumet.
             Succumbed to a kobold brigand's curare-tipped dart
             ... on level 5 of the Dungeon.
             The game lasted 00:07:15 (4192 turns).

experimilk the Destroyer (Draconian Conjurer)       Turns: 4192, Time: 00:07:16

Health: -3/45      AC:  7    Str: 10    XL:     6   Next: 98%
Magic:  5/9        EV: 12    Int: 20    God:    Vehumet [......]
Gold:   212        SH:  0    Dex:  9    Spells: 6/9 levels left

rFire   . . .      SeeInvis .    p - staff of conjuration
rCold   . . .      Faith    .    (no shield)
rNeg    . . .      Spirit   .    (body armour unavailable)
rPois   .          Reflect  .    (helmet restricted)
rElec   .          Harm     .    q - +0 cloak
rCorr   .          Rampage  .    (no gloves)
Will    .....                    (no boots)
Stlth   ++........               (no amulet)
HPRegen 0.27/turn                (no ring)
MPRegen 0.11/turn                (no ring)

@: lethally poisoned (-3 -> -28), slowed, very slow
A: AC +6, unfitting armour, cold-blooded
a: Renounce Religion


You were on level 5 of the Dungeon.
You worshipped Vehumet.
Vehumet was noncommittal.
You visited 2 branches of the dungeon, and saw 6 of its levels.

You collected 212 gold pieces.

Inventory:

Hand Weapons
 d - a +0 club
 e - a +0 whip
 j - a +0 short sword
 r - a +2 quarterstaff of chaos
Missiles
 n - 2 throwing nets
Armour
 q - a +0 cloak (worn)
Magical Staves
 p - a staff of conjuration (weapon)
Wands
 a - a wand of polymorph (4)
 A - a wand of digging (7)
Scrolls
 b - a scroll of fear {unknown}
 f - a scroll of magic mapping {unknown}
 g - a scroll of immolation {unknown}
 h - a scroll of enchant weapon {unknown}
 t - 3 scrolls of poison
 u - 2 scrolls of teleportation {unknown}
 v - a scroll of brand weapon {unknown}
 w - a scroll of blinking {unknown}
 y - a scroll of amnesia {unknown}
Potions
 c - a potion of heal wounds {unknown}
 i - 2 potions of lignification
 k - 2 potions of berserk rage
 l - 2 potions of attraction {unknown}
 m - 2 potions of degeneration
 o - a potion of resistance {unknown}
 s - a potion of curing
 x - 3 potions of mutation {unknown}
 z - a potion of might {unknown}


   Skills:
 - Level 1.7 Dodging
 - Level 1.7 Stealth
 - Level 2.0 Spellcasting
 * Level 8.4 Conjurations


You had 6 spell levels left.
You knew the following spells:

 Your Spells              Type           Power      Damage    Failure   Level
a - Magic Dart            Conj           100%       1d8       1%          1
z - Searing Ray           Conj           100%       2d8       1%          2

Your spell library contained the following spells:

 Spells                   Type           Power      Damage    Failure   Level
 Shock                    Conj/Air       100%       1d9       2%          1
 Dazzling Flash           Conj/Hex       56%        N/A       9%          3
 Ensorcelled Hibernation  Hex/Ice        4%         N/A       24%         2
 Passwall                 Tmut/Erth      1%         N/A       24%         2
 Fulminant Prism          Conj/Hex       14%        3d8       28%         4
 Iskenderun's Mystic Bla  Conj/Tloc      28%        2d7       28%         4
 Portal Projectile        Hex/Tloc       4%         N/A       43%         3
 Swiftness                Air            2%         N/A       43%         3
 Tukima's Dance           Hex            2%         N/A       43%         3
 Vhi's Electric Charge    Tloc/Air       4%         N/A       43%         3
 Arcjolt                  Conj/Air       14%        1d24      61%         5
 Airstrike                Air            1%         2d(1-17)  83%         4
 Blade Hands              Tmut           1%         N/A       99%         5
 Maxwell's Capacitive Co  Air            1%         ∞         100%        8


Dungeon Overview and Level Annotations

Branches:
Dungeon (5/15)             Temple (1/1) D:4

Altars:
Ashenzari
Dithmenos
Elyvilon
Fedhas
Hepliaklqana
Kikubaaqudgha
Nemelex Xobeh
Okawaru
Sif Muna
Trog
Uskayaw
Vehumet
Wu Jian
Xom
Yredelemnul
Zin


Innate Abilities, Weirdness & Mutations

Your plain brown scales are hard. (AC +6)
You cannot fit into any form of body armour.
You are cold-blooded and may be slowed by cold attacks.


Message History

You have difficulty breathing.
You feel as though you will be slow longer.
Casting: Searing Ray (safe; 1% risk of failure)
Confirm with . or Enter, or press ? or * to list all spells.
Aiming: Searing Ray (safe; 1% risk of failure)
Press: ? - help, Shift-Dir - straight line, f - kobold
Aim: a kobold, wielding a +0 short sword (79% to hit)
You feel a surge of power!
The searing ray hits the kobold brigand!
The kobold brigand is heavily wounded.
The searing ray hits the kobold!
You kill the kobold!
Vehumet accepts your kill. (Press . to maintain the ray.)
You feel very sick.
You hear a shout!
The kobold brigand throws a curare-tipped dart.
The curare-tipped dart hits you.
You are more poisoned.
You have difficulty breathing.
You feel as though you will be slow longer.
The searing ray hits the kobold brigand!
The kobold brigand is almost dead.
The searing ray hits the kobold!
You kill the kobold!
Vehumet accepts your kill.
You feel extremely sick.
The kobold brigand throws a curare-tipped dart.
The curare-tipped dart hits you.
You are lethally poisoned!
You have difficulty breathing.
* * * LOW HITPOINT WARNING * * *
You feel as though you will be slow longer.
The searing ray hits the kobold brigand!
You kill the kobold brigand!
Vehumet accepts your kill.
The searing ray hits the kobold.
You kill the kobold!
Vehumet accepts your kill.
You die...

#. #. #$
##.######
.......#
...####.....#
#..).)......#
#@....#
#...<.#
#######


There were no monsters in sight!

Vanquished Creatures
  A black bear (D:4)
  An ogre (D:4)
  A kobold brigand (D:5)
  A scorpion (D:4)
  Crazy Yiuf (D:2)
  A hound (D:4)
  Robin (D:2)
  3 adders
  11 gnolls
  2 ball pythons
  4 endoplasms
  5 giant cockroaches
  16 goblins
  7 hobgoblins
  3 jackals (D:1)
  6 quokkas
  5 bats
  4 frilled lizards
  9 kobolds
  2 rats
84 creatures vanquished.

Notes
Turn   | Place    | Note
-------+----------+-------------------------------------------
     0 | D:1      | experimilk the Draconian Conjurer began the quest for the
                  | Orb.
     0 | D:1      | Reached XP level 1. HP: 14/14 MP: 3/3
   234 | D:1      | Reached XP level 2. HP: 20/20 MP: 0/5
   312 | D:1      | Learned a level 2 spell: Searing Ray
  1077 | D:2      | Reached skill level 5 in Conjurations
  1105 | D:2      | Reached XP level 3. HP: 26/26 MP: 3/6
  1683 | D:2      | Reached XP level 4. HP: 28/33 MP: 3/7
  1851 | D:2      | Noticed Robin
  1865 | D:2      | Reached skill level 6 in Conjurations
  1865 | D:2      | Killed Robin
  2143 | D:2      | Found a runed translucent door.
  2144 | D:2      | Noticed Crazy Yiuf
  2151 | D:2      | Killed Crazy Yiuf
  2152 | D:2      | Reached XP level 5. HP: 37/38 MP: 2/8
  2732 | D:3      | Reached skill level 7 in Conjurations
  2874 | D:3      | Found a broken altar of Ashenzari.
  2874 | D:3      | Found a blossoming altar of Fedhas.
  2874 | D:3      | Found an iron altar of Okawaru.
  3197 | D:4      | Found a staircase to the Ecumenical Temple.
  3209 | Temple   | Entered the Ecumenical Temple
  3262 | Temple   | Became a worshipper of Vehumet
  3282 | D:4      | Noticed a black bear
  3288 | D:4      | Killed a black bear
  3289 | D:4      | Reached XP level 6. HP: 45/45 MP: 1/9
  3556 | D:4      | Reached skill level 8 in Conjurations
  4186 | D:5      | Entered Level 5 of the Dungeon
  4192 | D:5      | Succumbed to a kobold brigand's curare-tipped dart

Illustrated notes

Levels and vault maps discovered:
D:1:      heliophobic_arrival_glass_houses, layout_loops_ring
D:2:      cheibrodos_old_hovel, layout_rooms, uniq_robin,
          uniq_crazy_yiuf_cottage
D:3:      layout_rooms, gammafunk_temple_overflow_forgotten
D:4:      layout_loops_ring, minmay_temple_entry_trees
D:5:      layout_loops_cross, nicolae_ru_great_annihilating_truth
Temple:   mainiacjoe_temple_coin_purse

Skill      XL: |  1  2  3  4  5  6 |
---------------+-------------------+-----
Conjurations   | 5 6 7 8 |  8.4
Dodging        | |  1.7
Stealth        | |  1.7
Spellcasting   | |  2.0

Action                   |  1- 3 |  4- 6 || total
-------------------------+-------+-------++-------
Melee: Club              |    31 |       ||    31
       Unarmed           |     3 |       ||     3
       Staff             |       |    11 ||    11
 Cast: Magic Dart        |    46 |    46 ||    92
       Searing Ray       |    12 |    18 ||    30
  Use: Potion            |       |     1 ||     1
       Scroll            |       |     4 ||     4
Armor: Skin              |    25 |     9 ||    34
Dodge: Dodged            |    35 |    14 ||    49

Table legend: (Time is in decaauts)
 A = Elapsed time spent in this place.
 B = Non-inter-level travel time spent in this place.
 C = Inter-level travel time spent in this place.
 D = Time resting spent in this place.
 E = Time spent auto-exploring this place.
 F = Levels seen in this place.
 G = Mean time per level.
                   A        B        C        D        E       F      G
               +--------+--------+--------+--------+--------+-----+--------+
         Total |   4202 |   4008 |    194 |    797 |   2715 |   6 |  700.3 |
       Dungeon |   4135 |   3953 |    182 |    797 |   2680 |   5 |  827.0 |
        Temple |     66 |     54 |     12 |      0 |     35 |   1 |   66.0 |
               +--------+--------+--------+--------+--------+-----+--------+

Top non-repeatable levels by time:
     D:2: 1128 daAuts
     D:1: 1121 daAuts
     D:4: 1072 daAuts
     D:3: 805 daAuts
  Temple: 66 daAuts
     D:5: 7 daAuts
